Map: Port Aleksander LE

Players

Ninjaneer

  • Race: Protoss Protoss
  • League: Platinum
  • Spawn Location: 5:00

Yocto - Winner!

  • Race: Zerg Zerg
  • Spawn Location: 11:00

VOD

Have the link to the VOD?

Description

Time

  • Played on: Dec. 18, 2018, 9:44 a.m.
  • Length: 16:24
Show
View Real Time Build Order
Export as new Build Order

Ninjaneer Protoss 

Build Orders:  

Get SALT Encoding   

  12  0:01  Probe  
  13  0:13  Probe  
  14  0:23  Pylon  
  14  0:25  Probe  
  15  0:42  Probe  
  16  0:44  Gateway  
  16  0:54  Probe  
  17  0:59  Assimilator  
  17  1:09  Gateway  
  18  1:11  Probe  
  18  1:20  Probe  
  19  1:28  Probe  
  19  1:31  Zealot  
  21  1:39  Cybernetics Core  
  22  1:42  Probe  
  23  2:05  Nexus  
  23  2:11  Assimilator  
  23  2:17  Pylon  
  23  2:26  Pylon  
  23  2:29  Warp Gate  
  23  2:34  Stalker  
  23  2:35  Probe  
  26  2:54  Zealot  
  26  3:06  Zealot  
  28  3:14  Probe  
  28  3:18  Probe  
  30  3:26  Probe  
  31  3:30  Probe  
  32  3:39  Stalker  
  32  3:41  Probe  
  34  3:47  Probe  
  35  3:49  Probe  
  35  3:55  Probe  
  37  3:57  Probe  
  39  4:05  Probe  
  32  4:13  Probe  
  29  4:17  Probe  
  29  4:18  Stalker  
  29  4:21  Probe  
  32  4:29  Probe x2  
  34  4:35  Robotics Facility  
  35  4:41  Probe x2  
  37  4:46  Zealot  
  39  4:54  Probe  
  40  5:03  Probe  
  40  5:05  Stargate, Probe  
  41  5:13  Probe  
  42  5:15  Probe  
  42  5:16  Zealot  
  46  5:21  Probe  
  46  5:27  Probe  
  48  5:33  Probe  
  47  5:44  Pylon  
  47  5:51  Phoenix  
  47  5:55  Observer  
  48  6:08  Robotics Bay  
  48  6:18  Gateway  
  48  6:20  Gateway  
  48  6:28  Pylon  
  48  6:30  Pylon  
  48  6:33  Phoenix  
  48  6:39  Pylon  
  50  6:50  Stalker  
  50  6:51  Stalker  
  54  6:54  Probe  
  54  6:57  Assimilator  
  54  6:58  Oracle  
  54  6:59  Assimilator  
  58  7:04  Protoss Air Weapons Level 1  
  58  7:06  Probe  
  59  7:18  Probe  
  60  7:29  Twilight Council  
  60  7:30  Probe, Zealot x4  
  60  7:33  Colossus  
  60  7:35  Oracle  
  78  8:14  Fleet Beacon  
  78  8:16  Zealot x3  
  78  8:18  Zealot  
  86  8:57  Forge  
  86  8:58  Forge  
  86  9:00  Pylon  
  86  9:03  Forge  
  86  9:07  Pylon  
  86  9:09  Pylon  
  86  9:14  Pylon  
  86  9:16  Charge  
  86  9:18  Oracle, Extended Thermal Lance  
  86  9:21  Zealot x2  
  93  9:48  Nexus  
  93  9:50  Assimilator  
  93  9:52  Assimilator  
  93  9:55  Pylon  
  93  9:56  Protoss Air Weapons Level 2  
  93  9:58  Pylon  
  93  10:00  Protoss Ground Weapons Level 1  
  93  10:04  Cybernetics Core  
  93  10:05  Stalker x4  
  101  10:12  Colossus  
  107  10:20  Protoss Ground Armor Level 1  
  107  10:23  Robotics Facility  
  106  10:31  Protoss Shields Level 1  
  103  10:58  Probe  
  104  11:06  Probe  
  104  11:07  Observer  
  106  11:14  Probe  
  107  11:26  Probe  
  108  11:38  Probe  
  108  11:39  Probe  
  109  11:42  Stargate  
  109  11:43  Stargate  
  110  11:47  Probe  
  110  11:50  Probe  
  112  11:57  Probe  
  113  12:02  Probe  
  114  12:09  Probe  
  114  12:14  Probe  
  116  12:21  Probe  
  114  12:27  Probe  
  114  12:28  Colossus x2  
  127  12:35  Probe  
  127  12:42  Pylon  
  127  12:43  Probe  
  128  12:46  Photon Cannon  
  128  12:49  Carrier, Photon Cannon  
  135  12:52  Photon Cannon  
  135  12:53  Probe  
  135  12:54  Carrier  
  142  13:05  Probe  
  143  13:17  Probe  
  143  13:18  Oracle  
  147  13:26  Colossus  
  153  13:27  Pylon  
  153  13:29  Probe  
  154  13:41  Probe  
  154  13:44  Nexus, Colossus  
  161  13:48  Pylon  
  161  13:55  Pylon  
  161  14:10  Carrier  
  167  14:19  Probe  
  168  14:28  Assimilator  
  168  14:32  Assimilator  
  93  15:06  Colossus x2  
Show
View Real Time Build Order
Export as new Build Order

Yocto Zerg - Winner!

Build Orders: Pool First 

Get SALT Encoding   

  12  0:01  Drone  
  13  0:14  Overlord  
  13  0:20  Drone  
  14  0:40  Drone x3  
  17  0:55  Spawning Pool  
  17  0:56  Extractor, Drone  
  16  1:08  Drone  
  17  1:26  Hatchery  
  16  1:43  Zergling x6  
  19  1:52  Queen  
  21  1:56  Zergling x2  
  22  2:09  Overlord  
  22  2:18  Metabolic Boost  
  22  2:38  Zergling x6  
  22  2:42  Queen  
  25  2:54  Zergling x6  
  27  3:05  Zergling x2  
  27  3:06  Zergling x4  
  29  3:17  Baneling Nest  
  28  3:27  Zergling x4  
  30  3:37  Drone x3  
  33  3:53  Overlord  
  33  3:54  Drone x2  
  34  4:04  Zergling x4  
  34  4:08  Zergling x2  
  34  4:09  Zergling x2  
  30  4:49  Queen  
  30  4:52  Queen  
  34  4:55  Hatchery  
  34  4:56  Drone x2  
  35  5:05  Drone x2  
  35  5:06  Drone  
  38  5:12  Drone  
  38  5:13  Drone  
  40  5:26  Drone x4  
  44  5:31  Overlord  
  43  5:39  Overlord  
  43  5:53  Drone  
  43  5:55  Overlord x2  
  42  6:03  Lair, Spore Crawler  
  41  6:07  Extractor  
  41  6:08  Extractor, Drone x5  
  44  6:17  Queen  
  46  6:26  Spore Crawler  
  45  6:35  Extractor  
  45  6:38  Drone x3  
  47  6:41  Drone x3  
  47  6:45  Drone x3  
  53  6:48  Drone  
  53  6:49  Drone x2  
  56  6:56  Overlord x2  
  56  6:57  Overlord  
  56  7:08  Hydralisk Den  
  55  7:11  Overlord  
  55  7:12  Overlord  
  55  7:19  Drone x4  
  55  7:20  Drone x2  
  55  7:21  Drone  
  62  7:51  Overseer  
  62  7:54  Muscular Augments  
  62  7:55  Hydralisk  
  62  7:56  Hydralisk x8  
  80  8:04  Drone x2  
  80  8:05  Drone x4  
  86  8:18  Evolution Chamber  
  85  8:20  Evolution Chamber  
  84  8:43  Zergling x16  
  84  8:44  Zergling x10  
  97  8:50  Zerg Missile Weapons Level 1, Zerg Ground Armor Level 1  
  97  8:51  Overlord x2  
  97  8:52  Overlord x2  
  97  8:57  Overlord x2, Extractor  
  97  8:58  Extractor  
  95  9:11  Drone x7  
  102  9:41  Roach Warren  
  100  9:50  Hatchery, Drone  
  100  9:51  Drone x4  
  104  10:03  Grooved Spines  
  104  10:04  Infestation Pit  
  104  10:06  Drone x2  
  104  10:07  Drone x8  
  108  10:09  Overlord  
  113  10:20  Glial Reconstitution  
  113  10:32  Roach x10  
  127  10:55  Spore Crawler  
  126  11:04  Roach x2  
  126  11:05  Roach x7  
  126  11:06  Roach x3  
  150  11:15  Zerg Ground Armor Level 2, Zerg Missile Weapons Level 2  
  150  11:16  Overlord  
  150  11:17  Overlord x5  
  150  11:30  Drone  
  150  11:32  Overlord x2  
  151  11:47  Queen, Extractor  
  151  11:50  Drone x7  
  151  11:51  Drone  
  151  11:52  Hive  
  160  12:00  Hydralisk x7  
  160  12:01  Hydralisk  
  168  12:23  Spore Crawler  
  167  12:36  Hydralisk x2  
  167  12:37  Hydralisk x7  
  167  12:38  Hydralisk x2  
  189  12:59  Spore Crawler  
  188  13:12  Viper x2  
  188  13:13  Viper  
  197  13:28  Roach  
  197  13:32  Zerg Ground Armor Level 3  
  197  13:33  Zerg Missile Weapons Level 3  
  199  14:09  Overseer x2  
  159  14:56  Hydralisk  
  159  14:57  Hydralisk x15  
  159  14:58  Hydralisk x12  
  200  15:07  Roach  
  187  15:36  Hydralisk x7  
Tags
 
League
Platinum
Matchup
PvZ
Opening
Pool First
Replay Pack
Yocto
Spawn Locations
Cross Positions
Add a new tag
Caveats
  • Supply blocks, unpowered buildings, or Contaminate may cause inaccurate times.
  • Supply counts are checked every 10 seconds.